 Dungeon Crawl Stone Soup version 0.23-a0-275-g0cf4261 (webtiles) character file.

51 toffzen the Grave Robber (level 3, -7/26 HPs)
             Began as a Demonspawn Necromancer on Oct 2, 2018.
             Mangled by a gnoll
             ... wielding a +0 spear
              (8 damage)
             ... on level 1 of the Dungeon.
             The game lasted 00:03:24 (1880 turns).

toffzen the Grave Robber (Demonspawn Necromancer)   Turns: 1880, Time: 00:03:24

Health: -7/26      AC:  4    Str:  8    XL:     3   Next: 57%
Magic:  3/6        EV: 12    Int: 17    God:
Gold:   40         SH:  0    Dex: 13    Spells: 5/7 levels left

rFire    . . .     SeeInvis .   o - +2 whip (freeze)
rCold    . . .     Gourm    .   (no shield)
rNeg     . . .     Faith    .   a - +0 robe
rPois    .         Spirit   .   (no helmet)
rElec    .         Reflect  .   (no cloak)
rCorr    .         Harm     .   (no gloves)
MR       .....                  (no boots)
Stlth    ++........             (no amulet)
HPRegen  0.08/turn              (no ring)
MPRegen  0.10/turn              (no ring)

@: no status effects
A: hooves 1, thin metallic scales 1
a: no special abilities


You were on level 1 of the Dungeon.
You were not hungry.

You visited 1 branch of the dungeon, and saw 2 of its levels.

You collected 40 gold pieces.

Inventory:

Hand Weapons
 e - a +0 dagger
 o - a +2 whip of freezing (weapon)
Missiles
 g - 42 stones (quivered)
Armour
 a - a +0 robe (worn)
Scrolls
 d - 2 scrolls of remove curse
 h - a scroll of enchant weapon {unknown}
 i - a scroll of identify {unknown}
 j - 2 scrolls of magic mapping {unknown}
 m - a scroll of amnesia {unknown}
 n - a scroll of immolation {unknown}
Potions
 b - a potion of might {unknown}
 k - a potion of berserk rage {unknown}
 l - 2 potions of magic {unknown}
 p - a potion of flight {unknown}
Comestibles
 c - 4 rations


   Skills:
 + Level 1.3 Fighting
 - Level 1.7 Dodging
 - Level 1.7 Stealth
 + Level 2.5 Spellcasting
 * Level 5.2 Necromancy


You had 5 spell levels left.
You knew the following spells:

 Your Spells              Type           Power        Failure   Level  Hunger
a - Pain                  Necr           ###.         2%          1    #......
b - Animate Skeleton      Necr           N/A          2%          1    #......

Your spell library contained the following spells:

 Spells                   Type           Power        Failure   Level  Hunger
 Vampiric Draining        Necr           ###.......   6%          3    ###....
 Regeneration             Chrm/Necr      ##........   19%         3    ###....
 Animate Dead             Necr           N/A          22%         4    #####..


Dungeon Overview and Level Annotations

Branches:
Dungeon (2/15)

Altars:


Innate Abilities, Weirdness & Mutations

You have large cloven feet.
You are partially covered in thin metallic scales. (AC +2)


Message History

Casting: Pain (safe; 2% risk of failure)
Confirm with . or Enter, or press ? or * to list all spells.
Aiming: Pain (safe; 2% risk of failure)
Press: ? - help, Shift-Dir - straight line, f - gnoll
Aim: a gnoll, wielding a spear (chance to defeat MR: 84%)
The gnoll writhes in agony!
The gnoll misses you.
Casting: Pain (safe; 2% risk of failure)
Confirm with . or Enter, or press ? or * to list all spells.
Aiming: Pain (safe; 2% risk of failure)
Press: ? - help, Shift-Dir - straight line, f/p - gnoll
Aim: a gnoll, wielding a spear (heavily wounded, chance to defeat MR: 84%)
The gnoll writhes in agony!
The gnoll hits you with a spear!
* * * LOW HITPOINT WARNING * * *
Casting: Pain (safe; 2% risk of failure)
Confirm with . or Enter, or press ? or * to list all spells.
Aiming: Pain (safe; 2% risk of failure)
Press: ? - help, Shift-Dir - straight line, f/p - gnoll
Aim: a gnoll, wielding a spear (almost dead, chance to defeat MR: 84%)
The gnoll barely resists.
The gnoll hits you with a spear!
You die...

# #.# ###.#######
..........##
##...###...#####
#.....##.#.....###
##...###.........#
##.## ####......#
#.# #.....g# #.#
#.....@# ##+##
#(...).# ##...##
####.### #.....##
##.# .......## ##..#
........####...#####
......(.'..).......#
........##.#...###.#
.......###.##.)# #.#


You could see a gnoll.

Vanquished Creatures
  An adder (D:2)
  A gnoll (D:1)
  A leopard gecko (D:1)
  2 giant cockroaches
  5 goblins
  2 hobgoblins (D:1)
  4 bats
  A frilled lizard (D:1)
  2 kobolds (D:1)
  2 rats
21 creatures vanquished.

Vanquished Creatures (collateral kills)
  An adder (D:2)
  2 kobolds
  A ball python (D:2)
  2 rats
6 creatures vanquished.

Grand Total: 27 creatures vanquished

Notes
Turn   | Place    | Note
-------+----------+-------------------------------------------
     0 | D:1      | toffzen the Demonspawn Necromancer began the quest for the
                  | Orb.
     0 | D:1      | Reached XP level 1. HP: 13/13 MP: 3/3
   143 | D:1      | Learned a level 1 spell: Animate Skeleton
   584 | D:1      | Gained mutation: You have large cloven feet. [demonic
                  | ancestry]
   584 | D:1      | Reached XP level 2. HP: 20/20 MP: 5/5
  1225 | D:2      | Reached skill level 1 in Fighting
  1432 | D:2      | Reached skill level 5 in Necromancy
  1432 | D:2      | Gained mutation: You are partially covered in thin metallic
                  | scales. (AC +2) [demonic ancestry]
  1432 | D:2      | Reached XP level 3. HP: 25/26 MP: 3/6
  1879 | D:1      | HP: 1/26 [gnoll/spear (7)]
  1880 | D:1      | Mangled by a gnoll

Vault maps used:
D:1:      ncdulo_smallfort, st_stairs_14
D:2:      lemuel_crystal_altar, minmay_tetromino_s2

Skill      XL: |  1  2 |
---------------+-------+-----
Fighting       | 1 |  1.3
Necromancy     | 5 |  5.2
Dodging        | |  1.7
Stealth        | |  1.7
Spellcasting   | |  2.5

Action                   || total
-------------------------++-------
Melee: Dagger            ||    11
       Unarmed           ||     1
       Whip              ||     5
       Kick              ||     1
 Cast: Pain              ||    34
       Animate Skeleton  ||    15
  Use: Scroll            ||     1
 Stab: Sleeping          ||     1
  Eat: Chunk             ||     3
Armor: Robe              ||     4
Dodge: Dodged            ||    20

Table legend:
 A = Non-vault XP
 B = Vault XP
 C = Vault XP percentage of total XP
 D = Non-vault monster count
 E = Vault monster count
 F = Vault count percentage of total count
                 A         B        C        D         E       F
            +---------+---------+-------+---------+---------+-------
      Total |      73 |       0 |   0.0 |      27 |       0 |   0.0
            +---------+---------+-------+---------+---------+-------
        D:1 |      39 |       0 |   0.0 |      18 |       0 |   0.0
        D:2 |      34 |       0 |   0.0 |       9 |       0 |   0.0
            +---------+---------+-------+---------+---------+-------
